 Dungeon Crawl Stone Soup version 0.21-a0-225-g207ae17 (webtiles) character file.

6 pokedragonboy the Grave Robber (level 1, -1/10 HPs)
             Began as a Deep Elf Necromancer on Aug 30, 2017.
             Slain by a leopard gecko (5 damage)
             ... on level 1 of the Dungeon.
             The game lasted 00:00:44 (293 turns).

pokedragonboy the Grave Robber (DENe)                Turns: 293, Time: 00:00:44

Health: -1/10      AC:  3    Str:  5    XL:     1   Next: 75%
Magic:  2/6        EV: 13    Int: 19    God:
Gold:   16         SH:  0    Dex: 15    Spells: 5/6 levels left

rFire    . . .     SeeInvis .   i - +0 dagger
rCold    . . .     Gourm    .   (no shield)
rNeg     . . .     Faith    .   a - +0 robe
rPois    .         Spirit   .   (no helmet)
rElec    .         Reflect  .   (no cloak)
rCorr    .         Harm     .   e - +0 pair of gloves
MR       .....                  (no boots)
Stlth    ++........             (no amulet)
HPRegen  0.03/turn              (no ring)
MPRegen  0.10/turn              (no ring)

@: no status effects
A: no striking features
a: no special abilities


You were on level 1 of the Dungeon.
You were not hungry.

You visited 1 branch of the dungeon, and saw 1 of its levels.

You collected 16 gold pieces.

Inventory:

Hand Weapons
 i - a +0 dagger (weapon)
Armour
 a - a +0 robe (worn)
 e - a +0 pair of gloves (worn)
Scrolls
 f - a scroll of magic mapping {unknown}
 h - a scroll of remove curse {unknown}
Potions
 d - a potion of curing {unknown}
 g - a potion of lignification {unknown}
Books
 b - a book of Necromancy

   Spells                             Type                      Level
   a - Pain                           Necromancy                   1
   b - Animate Skeleton               Necromancy                   1
   c - Vampiric Draining              Necromancy                   3
   d - Regeneration                   Charms/Necromancy            3
   e - Animate Dead                   Necromancy                   4
   f - Control Undead                 Necromancy                   4
Comestibles
 c - a bread ration
 j - 4 chunks of flesh


   Skills:
 - Level 2.4 Dodging
 - Level 2.4 Stealth
 + Level 3.4 Spellcasting
 * Level 5.0 Necromancy


You had 5 spell levels left.
You knew the following spells:

 Your Spells              Type           Power        Failure   Level  Hunger
a - Pain                  Necr           ###.         1%          1    None


Dungeon Overview and Level Annotations

Branches:
Dungeon (1/15)

Altars:


Message History

Press: ? - help, Shift-Dir - straight line, f/p - leopard gecko
Aim: a leopard gecko (moderately wounded, clinging, chance to defeat MR: 91%)
The rat writhes in agony!
You kill the rat!
The leopard gecko hisses menacingly.
Casting: Pain
Confirm with . or Enter, or press ? or * to list all spells.
Aiming: Pain
Press: ? - help, Shift-Dir - straight line, f/p - leopard gecko
Aim: a leopard gecko (moderately wounded, clinging, chance to defeat MR: 91%)
The leopard gecko writhes in agony!
The leopard gecko barely misses you. The leopard gecko misses you.
Casting: Pain
Confirm with . or Enter, or press ? or * to list all spells.
Aiming: Pain
Press: ? - help, Shift-Dir - straight line, f/p - leopard gecko
Aim: a leopard gecko (heavily wounded, clinging, chance to defeat MR: 91%)
The leopard gecko writhes in agony!
The leopard gecko bites you.
Ouch! That really hurt!
You die...

#.# ##. $..
########.#
#.. ...
.........#
... ..
########.#
..... #.#
#.#. #.# ..[
#.#
#†#########.#
#.bl@.......#
#.###########
.>. ####


You could see a leopard gecko and a bat.

Vanquished Creatures
  2 bats (D:1)
  A goblin (D:1)
  A hobgoblin (D:1)
  A kobold (D:1)
  A rat (D:1)
6 creatures vanquished.

Notes
Turn   | Place    | Note
-------+----------+-------------------------------------------
     0 | D:1      | pokedragonboy the Deep Elf Necromancer began the quest for the Orb.
     0 | D:1      | Reached XP level 1. HP: 10/10 MP: 6/6
   190 | D:1      | Reached skill level 5 in Necromancy
   293 | D:1      | Slain by a leopard gecko

Vault maps used:
D:1:      sevenhm_arrival_forest_fort_small_4

Skill      XL: |  1 |
---------------+----+-----
Necromancy     | 5 |  5.0
Dodging        | |  2.4
Stealth        | |  2.4
Spellcasting   | |  3.4

Action                   || total
-------------------------++-------
 Cast: Pain              ||    12
Dodge: Dodged            ||     3

Table legend:
 A = Spawn XP
 B = Non-spawn XP
 C = Spawn XP percentage of total XP
 D = Spawn monster count
 E = Non-spawn monster count
 F = Spawn count percentage of total count
 G = Total turns spent on level
                    A         B        C        D         E        F      G
               +---------+---------+-------+---------+---------+-------+---------
         Total |       1 |       8 |  11.1 |       1 |       5 |  16.7 |   293
               +---------+---------+-------+---------+---------+-------+---------
           D:1 |       1 |       8 |  11.1 |       1 |       5 |  16.7 |   293
               +---------+---------+-------+---------+---------+-------+---------
